Match 25975418
Unlisted

Match 25975418
End
Construct Barracks
Riflemen Squad
1⁄4-ton 4x4 Truck
Selects Advanced Infantry Battlegroup
Riflemen Squad
M1 Mortar Team
Air Support Center
Riflemen Squad
Selects Convert to Ranger Squad
Construct Medical Station
Convert to Ranger Squad
Selects Frontline Medical Station
Grasshopper Recon Run
M1918 Browning Automatic Rifles
Grenade Package
Frontline Medical Station
Air Supply
Selects Ammunition Storage
M1 Mortar Team
Convert to Ranger Squad
Grasshopper Recon Run
Double Sortie
Engineer Squad
Selects Ranger Weapon Training
Construct Weapon Support Center
Frontline Medical Station
P-47 Dive Bomb
Selects M2A1 105mm Howitzer Emplacement
Improved M9 Bazooka Rockets
P-47 Strafing Run
Grasshopper Recon Run
Grasshopper Recon Run
P-47 Dive Bomb
Selects Free Fire Drills
Zoulrage
GALGAME KILLER
TidaL
#Beansbird
Fabius Maximus
PiffaWiff
0
0

Comments sign in to comment!

No comments posted yet!